 Dungeon Crawl Stone Soup version 0.26.1-11-gd32895ea62 (webtiles) character file.

Game seed: 2602682879460802288

2578 nothank2 the Carver (level 9, -1/70 HPs)
             Began as a Minotaur Fighter on June 24, 2021.
             Was a Believer of Qazlal.
             Killed by divine providence
             ... invoked by an orc priest
              (15 damage)
             ... on level 9 of the Dungeon.
             The game lasted 00:17:56 (8175 turns).

nothank2 the Carver (Minotaur Fighter)              Turns: 8175, Time: 00:17:57

Health: -1/70      AC: 15    Str: 24    XL:     9   Next: 32%
Magic:  8/8        EV:  4    Int: 11    God:    Qazlal [**....]
Gold:   415        SH: 12    Dex: 10    Spells: 8/8 levels left

rFire    . . .     SeeInvis .   a - +1 long sword
rCold    . . .     Faith    .   c - +0 kite shield
rNeg     . . .     Spirit   .   p - +0 plate armour
rPois    .         Reflect  .   (helmet restricted)
rElec    .         Harm     .   q - +2 cloak
rCorr    .         Rampage  .   o - +0 pair of gloves
Will     .....                  (no boots)
Stlth    ..........             (no amulet)
HPRegen  0.21/turn              (no ring)
MPRegen  0.11/turn              u - +6 ring of intelligence

@: mighty
A: retaliatory headbutt, horns 2
a: Renounce Religion, Upheaval


You were on level 9 of the Dungeon.
You worshipped Qazlal.
Qazlal was pleased with you.
You visited 1 branch of the dungeon, and saw 9 of its levels.

You collected 668 gold pieces.
You spent 253 gold pieces at shops.

Inventory:

Hand Weapons
 a - a +1 long sword (weapon)
Missiles
 i - 38 poisoned darts (quivered)
Armour
 c - a +0 kite shield (worn)
 o - a +0 pair of gloves (worn)
 p - a +0 plate armour (worn)
 q - a +2 cloak (worn)
Jewellery
 u - a +6 ring of intelligence (right hand)
Scrolls
 b - 7 scrolls of identify
 f - a scroll of magic mapping {unknown}
 g - 4 scrolls of enchant weapon
 h - 8 scrolls of remove curse
 j - 3 scrolls of teleportation
 l - 3 scrolls of amnesia {unknown}
 s - a scroll of fear {unknown}
 y - a scroll of blinking
 A - a scroll of fog
 B - a scroll of enchant armour
Potions
 d - 2 potions of might
 e - 3 potions of curing
 k - 2 potions of cancellation
 m - a potion of mutation {unknown}
 n - 3 potions of degeneration
 r - 2 potions of flight {unknown}
 t - a potion of berserk rage {unknown}
 v - a potion of haste
 w - 2 potions of heal wounds
 x - 2 potions of brilliance {unknown}
 z - a potion of lignification {unknown}


   Skills:
 - Level 3.6 Fighting
 + Level 14.4 Long Blades
 - Level 1.0 Throwing
 - Level 3.6 Armour
 - Level 3.6 Shields


You had 8 spell levels left.
You didn't know any spells.
Your spell library contained the following spells:

 Spells                   Type           Power        Failure   Level
 Corona                   Hex            0%           100%        1
 Slow                     Hex            0%           100%        2
 Inner Flame              Hex/Fire       0%           100%        3
 Portal Projectile        Hex/Tloc       0%           100%        3
 Cause Fear               Hex            0%           100%        4
 Leda's Liquefaction      Hex/Erth       0%           100%        4


Dungeon Overview and Level Annotations

Branches:
Dungeon (9/15)             Temple (0/1) D:7
   Lair: D:8-11         Orc: D:9-12

Altars:
Ashenzari
Dithmenos
Elyvilon
Qazlal
Ru

Shops:
D:5 **

Portals:
Abyss: D:4

Annotations:
D:4 2 transporters, Happyhead's ghost, amateur DrCj


Innate Abilities, Weirdness & Mutations

You reflexively headbutt those who attack you in melee.
You have a pair of horns on your head.


Message History

You headbutt the boulder beetle!
The boulder beetle is heavily wounded.
The boulder beetle bites you.
* * * LOW HITPOINT WARNING * * *
You hit the boulder beetle but do no damage.
The boulder beetle is heavily wounded.
You feel very mighty all of a sudden. The boulder beetle bites you!
* * * LOW HITPOINT WARNING * * *
An orc priest comes into view. It is wielding a +0 morningstar.
The orc priest shouts!
You feel better.
The boulder beetle leaps!
The orc priest looks satisfied for a moment.
You slice the orc!!
You kill the orc!
Qazlal accepts your kill.
The orc priest miscasts a cantrip.
The orc priest mumbles some strange prayers to Beogh against you.
Beogh smites you!
You die...

#.##.#.# #. #.#
#....†.# #. #.#
####.### .. #.#
####.#### ( #.#
#.......# #B #.#
#>##.##.# #.########.#
#.##.##.# #........#.#
#.##....######.###..#.#
#.##......@†o.........#
#.##.#..°)###....#..###
#.........###<#...#.#
####.#..............#
#.###..##..#.###.#
#.###..#...#.# #.#
#............. ..#
########...#######
#...#


You could see an orc priest.

Vanquished Creatures
  A sky beast (D:6)
  An orc warrior (D:9)
  An ice beast (D:8)
  2 black bears
  3 ogres
  2 centaurs
  2 bullfrogs
  3 scorpions
  A water moccasin skeleton (D:7)
  8 wights
  2 bullfrog zombies
  A jelly (D:5)
  8 hounds
  A centaur skeleton (D:5)
  An orc priest (D:6)
  2 bullfrog skeletons
  4 orc wizards
  2 iguanas
  6 worker ants
  A hound zombie (D:5)
  5 gnolls
  7 adders
  2 shadow imps
  5 white imps
  An adder skeleton (D:4)
  3 worms
  A dart slug (D:1)
  6 leopard geckos
  15 orcs
  2 ball pythons
  6 bats
  5 giant cockroaches
  12 hobgoblins
  17 jackals
  A quokka (D:3)
  6 frilled lizards
  11 goblins
  A jackal skeleton (D:5)
  5 kobolds
  A leopard gecko skeleton (D:5)
  2 rats
166 creatures vanquished.

Notes
Turn   | Place    | Note
-------+----------+-------------------------------------------
     0 | D:1      | nothank2 the Minotaur Fighter began the quest for the Orb.
     0 | D:1      | Reached XP level 1. HP: 19/19 MP: 0/0
   162 | D:1      | Reached skill level 3 in Long Blades
   208 | D:1      | Reached XP level 2. HP: 25/26 MP: 1/1
   811 | D:2      | Reached skill level 4 in Long Blades
   827 | D:2      | Reached XP level 3. HP: 23/31 MP: 2/2
  1463 | D:2      | Reached skill level 5 in Long Blades
  1665 | D:2      | Reached XP level 4. HP: 39/39 MP: 3/3
  2459 | D:3      | Found a sacrificial altar of Ru.
  2840 | D:4      | Found a transporter.
  2854 | D:4      | Found a one-way gate to the infinite horrors of the Abyss.
  2854 | D:4      | Noticed Happyhead's ghost (amateur DrCj)
  2860 | D:4      | Identified the +12 whip "Tyfisk" {distort, rC+}
  2879 | D:4      | Found a transporter.
  2926 | D:4      | Reached skill level 6 in Long Blades
  2940 | D:4      | Found a shadowy altar of Dithmenos.
  2940 | D:4      | Found a stormy altar of Qazlal.
  2993 | D:4      | Became a worshipper of Qazlal Stormbringer
  3036 | D:4      | Got a smelly ring mail
  3110 | D:4      | Reached XP level 5. HP: 20/45 MP: 4/4
  3474 | D:4      | Reached skill level 7 in Long Blades
  3534 | D:4      | Noticed an ogre
  3543 | D:4      | Killed an ogre
  3544 | D:4      | Reached skill level 8 in Long Blades
  3544 | D:4      | Reached XP level 6. HP: 45/51 MP: 5/5
  3986 | D:4      | Identified the +0 ring mail "Tastrybo" {rF+ rCorr} (You
                  | found it on level 4 of the Dungeon)
  4015 | D:5      | Entered Level 5 of the Dungeon
  4100 | D:5      | Reached skill level 9 in Long Blades
  4110 | D:5      | Found Niamnyd's Assorted Antiques.
  4114 | D:5      | Bought a scroll of enchant armour for 165 gold pieces
  4206 | D:5      | Reached XP level 7. HP: 47/57 MP: 6/6
  4412 | D:5      | Reached skill level 10 in Long Blades
  4864 | D:5      | Found Aveehaewe's General Store.
  4873 | D:5      | Bought 2 potions of might for 88 gold pieces
  5184 | D:6      | Reached * piety under Qazlal
  5500 | D:6      | Reached skill level 11 in Long Blades
  5517 | D:6      | Reached XP level 8. HP: 55/64 MP: 7/7
  5669 | D:6      | Reached skill level 12 in Long Blades
  6056 | D:7      | Found a white marble altar of Elyvilon.
  6163 | D:7      | Found a broken altar of Ashenzari.
  6188 | D:7      | Reached skill level 13 in Long Blades
  6812 | D:7      | Found a staircase to the Ecumenical Temple.
  7158 | D:7      | Reached ** piety under Qazlal
  7159 | D:7      | Reached skill level 1 in Throwing
  7527 | D:8      | Reached XP level 9. HP: 63/70 MP: 8/8
  7864 | D:8      | Reached skill level 14 in Long Blades
  8136 | D:9      | Noticed a boulder beetle
  8170 | D:9      | HP: 3/70 [boulder beetle (13)]
  8175 | D:9      | Killed from afar by an orc priest

Illustrated notes

Levels and vault maps discovered:
D:1:      psy_arrival_basics, layout_loops_ring, minmay_cupped
D:2:      layout_basic
D:3:      cheibrodos_greedy_goblins, layout_rooms, nicolae_ru_awakened_eye
D:4:      layout_basic, gammafunk_temple_overflow_pools,
          gammafunk_ghost_abyssal_escape, enter_ossuary_5, minmay_cut_off
D:5:      layout_loops_corners, serial_shops, nicolae_shop_stone, shop
D:6:      layout_basic
D:7:      layout_cave_pods, evilmike_ruin_ashenzari, elyvilon_altar_5,
          minmay_temple_entry_statues_pillars, dk_noncrumbling_3
D:8:      layout_basic
D:9:      layout_loops_cross, lemuel_doored_altar, basic_altar,
          serial_bayou_crossing

Skill      XL: |  1  2  3  4  5  6  7  8  9 |
---------------+----------------------------+-----
Long Blades    | 3 4 5 6 8 9 11 13 14 | 14.4
Throwing       | 1 |  1.0
Fighting       | |  3.6
Armour         | |  3.6
Shields        | |  3.6

Action                   |  1- 3 |  4- 6 |  7- 9 || total
-------------------------+-------+-------+-------++-------
Melee: Long sword        |   117 |   133 |   320 ||   570
       Headbutt          |    15 |    19 |    64 ||    98
Throw: Dart              |     1 |       |    10 ||    11
  Use: Scroll            |       |    13 |       ||    13
       Potion            |       |       |     2 ||     2
Armor: Scale mail        |    24 |       |       ||    24
       Plate armour      |    48 |    98 |   136 ||   282
Dodge: Dodged            |    23 |    19 |    29 ||    71
Block: Kite shield       |    61 |    67 |   124 ||   252
       Rpst.: Long sword |     6 |     3 |    14 ||    23
